 Dungeon Crawl Stone Soup version 0.19-a0-1021-g80cc50c (webtiles) character file.

55 Pukeattack the Shield-Bearer (level 3, -1/34 HPs)
             Began as a Minotaur Fighter on July 26, 2016.
             Killed from afar by a white imp (3 damage)
             ... with a puff of frost
             ... summoned by Natasha
             ... on level 2 of the Dungeon.
             The game lasted 00:08:09 (910 turns).

Pukeattack the Shield-Bearer (Minotaur Fighter)      Turns: 910, Time: 00:08:10

Health: -1/34      AC:  7    Str: 21    XL:     3   Next: 67%
Magic:  2/2        EV:  7    Int:  5    God:
Gold:   82         SH:  9    Dex:  9    Spells: 0 memorised, 2 levels left

rFire  . . .     SeeInvis .     a - +0 long sword
rCold  . . .     Gourm    .     b - +0 scale mail
rNeg   . . .     Faith    .     c - +0 shield
rPois  .         Spirit   .     (helmet restricted)
rElec  .         Dismiss  .     (no cloak)
rCorr  .         Reflect  .     (no gloves)
SustAt .         Harm     .     (no boots)
MR     .....                    (no amulet)
Stlth  ..........               (no ring)
                                (no ring)

@: not resistant to hostile enchantments, extremely unstealthy
A: retaliatory headbutt, horns 2
a: no special abilities


You were on level 2 of the Dungeon.
You were full.

You visited 1 branch of the dungeon, and saw 2 of its levels.

You collected 82 gold pieces.

Inventory:

Hand Weapons
 a - a +0 long sword (weapon)
 e - a +0 club
 l - a cursed -1 spear
Armour
 b - a +0 scale mail (worn)
 c - a +0 shield (worn)
 h - a +0 ring mail
Scrolls
 j - 2 scrolls of teleportation
 n - a scroll of identify
Potions
 d - 3 potions of might
 i - 3 potions of curing {unknown}
 k - a potion of lignification {unknown}
Comestibles
 f - 2 bread rations
 g - a beef jerky
 m - 12 fruits


   Skills:
 + Level 4.4 Fighting
 * Level 2.9 Long Blades
 * Level 3.9 Armour
 * Level 4.5 Shields


You had 2 spell levels left.
You didn't know any spells.

Dungeon Overview and Level Annotations

Branches:
Dungeon (2/15)

Altars:

Annotations:
D:2 Natasha


Innate Abilities, Weirdness & Mutations

You reflexively headbutt those who attack you in melee.
You have a pair of horns on your head.


Message History

The white imp gestures at you. The puff of frost hits you!
* * * LOW HITPOINT WARNING * * *
Natasha claws you but does no damage.
The crimson imp hits you but does no damage.
You completely miss Natasha. You headbutt Natasha, but do no damage.
Natasha is lightly wounded.
You block the white imp's attack. Natasha claws you but does no damage.
The crimson imp hits you but does no damage.
The white imp gestures at you. The puff of frost hits you!
* * * LOW HITPOINT WARNING * * *
The crimson imp shouts, "Begone, thou gorbellied weather-bitten mendicant!"
You completely miss Natasha.
Natasha is lightly wounded.
The crimson imp disappears in a puff of smoke!
You block Natasha's attack.
The crimson imp blinks!
The white imp gestures at you. The puff of frost hits you!
You die...

.....##)#...#......##.######
..........# #########.#
.....#....# #.#
#.........##### #.#
#..###.††.....# #.#
#..###....###.# #.#
#.........#...# #^#
#...8...8...85# #.#
#.#...#...#gh@# #.#
##.###.###§## #.# #..
#...#.§.# #.# #. ...8...8.#
... # ..#...#.... ..#
...###5###.... #.. #...
...... #. ..8. .8...##


You could see Natasha, a crimson imp, a white imp and a goblin.

Vanquished Creatures
  Natasha (D:2)
  An adder (D:2)
  A dart slug (D:1)
  A ball python (D:1)
  2 giant cockroaches (D:1)
  A hobgoblin (D:1)
  3 jackals (D:1)
  A bat (D:1)
  A giant newt (D:1)
  4 goblins
  A kobold (D:1)
  2 rats (D:1)
19 creatures vanquished.

Notes
Turn   | Place    | Note
-------+----------+-------------------------------------------
     0 | D:1      | Pukeattack the Minotaur Fighter began the quest for the Orb.
     0 | D:1      | Reached XP level 1. HP: 19/19 MP: 0/0
   294 | D:1      | Reached XP level 2. HP: 27/27 MP: 1/1
   782 | D:2      | Noticed Natasha
   792 | D:2      | Killed Natasha
   792 | D:2      | Reached XP level 3. HP: 32/33 MP: 2/2
   893 | D:2      | Noticed Natasha
   910 | D:2      | Killed from afar by a white imp

Vault maps used:
D:1:      dpeg_chamrin_arrival_tetris, amethyst_killhole
D:2:      marbit_many_paths, dk_vineyard_2, minmay_misc_feat_four_crosses,
          serial_bayou_pond_e, st_stairs_9, uniq_natasha

Skill      XL: |  1  2 |
---------------+-------+-----
Shields        | 4 |  4.5
Fighting       | 4 |  4.4
Long Blades    | |  2.9
Armour         | |  3.9

Action                   || total
-------------------------++-------
Melee: Long sword        ||    63
       Headbutt          ||     9
  Use: Scroll            ||     2
  Eat: Meat ration       ||     1
Armor: Scale mail        ||    22
Dodge: Dodged            ||    21
Block: Shield            ||    35
